 Dungeon Crawl Stone Soup version 0.21-a0-442-g848f44b (webtiles) character file.

258 n0claF the Ruffian (level 5, -5/54 HPs)
             Began as a Troll Monk on Nov 14, 2017.
             Slain by a gnoll
             ... wielding a +0 halberd
              (10 damage)
             ... on level 4 of the Dungeon.
             The game lasted 00:03:51 (1897 turns).

n0claF the Ruffian (Troll Monk)                     Turns: 1897, Time: 00:03:52

Health: -5/54      AC:  5    Str: 22    XL:     5   Next: 94%
Magic:  4/4        EV: 11    Int:  6    God:
Gold:   122        SH:  0    Dex: 13    Spells: 4/4 levels left

rFire    . . .     SeeInvis .     - Unarmed
rCold    . . .     Gourm    +   (no shield)
rNeg     . . .     Faith    .   a - +0 robe
rPois    .         Spirit   .   (helmet restricted)
rElec    .         Reflect  .   (no cloak)
rCorr    .         Harm     .   (gloves unavailable)
MR       .....                  (boots unavailable)
Stlth    ++........             (no amulet)
HPRegen  0.58/turn              i - +3 ring of strength (curse)
MPRegen  0.09/turn              (no ring)

@: no status effects
A: unfitting armour, claws 3, fast metabolism 3, gourmand, regeneration 1,
shaggy fur 1, tough skin 2
a: no special abilities


You were on level 4 of the Dungeon.
You were not hungry.

You visited 1 branch of the dungeon, and saw 4 of its levels.

You collected 122 gold pieces.

Inventory:

Armour
 a - a +0 robe (worn)
Jewellery
 i - a cursed +3 ring of strength (left claw)
Scrolls
 c - a scroll of blinking {unknown}
 d - a scroll of remove curse {unknown}
 e - 7 scrolls of identify {unknown}
 g - a scroll of recharging {unknown}
 h - a scroll of enchant armour {unknown}
 m - a scroll of teleportation {unknown}
Potions
 j - a potion of heal wounds {unknown}
 k - a potion of brilliance {unknown}
 l - a potion of haste {unknown}
 n - a potion of lignification {unknown}
Comestibles
 b - 4 bread rations
 f - a meat ration


   Skills:
 + Level 3.7 Fighting
 + Level 3.7 Dodging
 - Level 1.0 Stealth
 + Level 4.5 Unarmed Combat


You had 4 spell levels left.
You didn't know any spells.

Dungeon Overview and Level Annotations

Branches:
Dungeon (4/15)
 Temple: D:4-7

Altars:


Innate Abilities, Weirdness & Mutations

You are too large for most types of armour.
You have claws for hands.
Your metabolism is lightning-fast.
You like to eat raw meat.
Your natural rate of healing is unusually fast.
You are covered in fur. (AC +1)
You have very tough skin. (AC +2)


Message History

You are too injured to fight recklessly!
You are too injured to fight recklessly!
You are too injured to fight recklessly!
You are too injured to fight recklessly!
You are too injured to fight recklessly!
You are too injured to fight recklessly!
You are too injured to fight recklessly!
You are too injured to fight recklessly!
You barely miss the worm.
The worm is heavily wounded.
The gnoll misses you.
You claw the worm!
You kill the worm!
You miss the phantom.
The gnoll hits you from afar with a halberd!
* * * LOW HITPOINT WARNING * * *
The phantom hits you!
* * * LOW HITPOINT WARNING * * *
The gnoll hits you with a halberd!
You die...

............#####.###.#
.....#......# #.# #
............# #.#
......#..#.## #.#
............# .#
......).....#####.#
.[.....)..W)......#
.....#.%.).....#
....##.....@g..# ...#
#.#....#....># ...
#...#####....# ..
...### ...# #.#. ...
... .. .# #


You could see a phantom and a gnoll.

Vanquished Creatures
  An orc priest (D:3)
  A gnoll shaman (D:4)
  A hound (D:4)
  A worker ant (D:4)
  3 gnolls (D:4)
  2 adders (D:2)
  3 oozes
  5 worms
  3 dart slugs
  4 orcs (D:3)
  2 ball pythons
  5 giant cockroaches
  4 goblins
  5 hobgoblins
  3 jackals (D:3)
  9 kobolds
  A quokka (D:2)
  7 bats
  2 frilled lizards
  A quokka skeleton (D:3)
  7 rats
70 creatures vanquished.

Vanquished Creatures (others)
  4 toadstools (D:1)
4 creatures vanquished.

Grand Total: 74 creatures vanquished

Notes
Turn   | Place    | Note
-------+----------+-------------------------------------------
     0 | D:1      | n0claF the Troll Monk began the quest for the Orb.
     0 | D:1      | Reached XP level 1. HP: 22/22 MP: 0/0
   206 | D:1      | Reached XP level 2. HP: 29/29 MP: 1/1
   701 | D:2      | Reached XP level 3. HP: 36/36 MP: 2/2
   950 | D:2      | Reached XP level 4. HP: 44/45 MP: 3/3
  1291 | D:3      | Reached skill level 4 in Unarmed Combat
  1809 | D:4      | Reached XP level 5. HP: 53/53 MP: 4/4
  1872 | D:4      | Noticed a phantom
  1897 | D:4      | Slain by a gnoll

Vault maps used:
D:1:      ldierk_walled_garden_2
D:4:      nicolae_overflow_hidden_temple, gammafunk_temple_overflow_pools,
          first_bread, uniq_grinder

Skill      XL: |  1  2  3  4 |
---------------+-------------+-----
Fighting       | 3 |  3.7
Dodging        | 3 |  3.7
Unarmed Combat | 4 |  4.5
Stealth        | |  1.0

Action                   |  1- 3 |  4- 6 || total
-------------------------+-------+-------++-------
Melee: Unarmed           |    85 |    93 ||   178
       Punch             |     1 |     1 ||     2
 Stab: Sleeping          |     4 |     3 ||     7
  Eat: Chunk             |     5 |     6 ||    11
       Royal jelly       |       |     2 ||     2
Armor: Robe              |    26 |    25 ||    51
Dodge: Dodged            |    36 |    33 ||    69

Table legend:
 A = Spawn XP
 B = Non-spawn XP
 C = Spawn XP percentage of total XP
 D = Spawn monster count
 E = Non-spawn monster count
 F = Spawn count percentage of total count
 G = Total turns spent on level
                    A         B        C        D         E        F      G
               +---------+---------+-------+---------+---------+-------+---------
         Total |       0 |     369 |   0.0 |       0 |      70 |   0.0 |  1897
               +---------+---------+-------+---------+---------+-------+---------
           D:1 |       0 |      29 |   0.0 |       0 |      16 |   0.0 |   620
           D:2 |       0 |      75 |   0.0 |       0 |      20 |   0.0 |   507
           D:3 |       0 |      89 |   0.0 |       0 |      24 |   0.0 |   641
           D:4 |       0 |     176 |   0.0 |       0 |      10 |   0.0 |   129
               +---------+---------+-------+---------+---------+-------+---------
